 Dungeon Crawl Stone Soup version 0.18.1-48-g4cf74bf (webtiles) character file.

49 Gargoyl the Skirmisher (level 3, 0/29 HPs)
             Began as a Demonspawn Abyssal Knight on July 29, 2016.
             Was a Follower of Lugonu.
             Slain by a gnoll
             ... wielding a +0 flail of holy wrath
              (1 damage)
             ... on level 1 of the Dungeon.
             The game lasted 00:02:49 (1337 turns).

Gargoyl the Skirmisher (Demonspawn Abyssal Knight)  Turns: 1337, Time: 00:02:50

Health: 0/29       AC:  7    Str: 13    XL:     3   Next: 51%
Magic:  4/4        EV: 10    Int: 13    God:    Lugonu [*.....]
Gold:   74         SH:  0    Dex: 12    Spells: 0 memorised, 2 levels left

rFire  . . .     SeeInvis .     a - +1 hand axe
rCold  . . .     Gourm    .     e - +0 ring mail
rNeg   . . .     Faith    .     (no shield)
rPois  +         Spirit   .     (no helmet)
rElec  .         Dismiss  .     (no cloak)
rCorr  .         Reflect  .     (no gloves)
SustAt .         Harm     .     (no boots)
MR     .....                    (no amulet)
Stlth  +.........               (no ring)
                                d - ring of poison resistance

@: not resistant to hostile enchantments, very unstealthy
A: claws 1, slimy green scales 1
a: Depart the Abyss, Renounce Religion


You were on level 1 of the Dungeon.
You worshipped Lugonu.
Lugonu was aware of your devotion.
You were not hungry.

You visited 1 branch of the dungeon, and saw 1 of its levels.
You visited the Abyss 1 time.

You collected 74 gold pieces.

Inventory:

Hand Weapons
 a - a +1 hand axe (weapon)
Armour
 e - a +0 ring mail (worn)
Jewellery
 d - a ring of poison resistance (left claw)
Scrolls
 b - a scroll of remove curse {unknown}
 f - a scroll of amnesia {unknown}
 h - a scroll of identify {unknown}
Potions
 g - a potion of cancellation {unknown}
Comestibles
 c - a bread ration
 i - a slice of pizza


   Skills:
 + Level 3.4 Fighting
 + Level 2.0 Axes
 * Level 2.6 Armour
 + Level 1.3 Dodging
 + Level 0.4 Stealth
 + Level 2.5 Invocations


You had 2 spell levels left.
You didn't know any spells.

Dungeon Overview and Level Annotations

Branches:
Dungeon (1/15)

Altars:


Innate Abilities, Weirdness & Mutations

You have sharp fingernails.
You are partially covered in slimy green scales (AC +2).


Message History

Lugonu accepts your kill.
You see here a hobgoblin corpse.
You see here a hobgoblin corpse.
i - a slice of pizza A gnoll comes into view.
It is wielding a flail of holy wrath.
The gnoll hits you with a flail of holy wrath!
You convulse!
* * * LOW HITPOINT WARNING * * *
You barely miss the gnoll.
The gnoll hits you with a flail of holy wrath.
* * * LOW HITPOINT WARNING * * *
You convulse.
* * * LOW HITPOINT WARNING * * *
You hit the gnoll.
The gnoll is lightly wounded.
The gnoll barely misses you.
You hit the gnoll but do no damage.
The gnoll is lightly wounded.
The gnoll hits you with a flail of holy wrath.
You die...

#..).....# #....†#..#.#
##########.# #.#..#.....#.#
.........#.# #.#..#######.#####
########.#.# #.#...............
########.#.# #.#..#.#####.#####
.........#.# #.#....#.........#
##########.# #.#....#.###.###.#
...........# #g#....#.#.....#.#
################@##.#.#.#.###.#.#
...........#.#.#####.#.#
#######.####.#.......#.. #.#
#.########### #.# #.# #.# .# #.#
... #.#


You could see a gnoll.

Vanquished Creatures
  A gnoll (D:1)
  A giant gecko (D:1)
  A ball python (D:1)
  4 goblins (D:1)
  10 hobgoblins (D:1)
  4 jackals (D:1)
  6 bats (D:1)
  A giant newt (D:1)
  5 kobolds (D:1)
  A rat (D:1)
34 creatures vanquished.

Notes
Turn   | Place    | Note
--------------------------------------------------------------
     0 | Abyss:1  | Gargoyl the Demonspawn Abyssal Knight began the quest for the Orb.
     0 | Abyss:1  | Reached XP level 1. HP: 18/18 MP: 2/2
    66 | Abyss:1  | Noticed a spatial maelstrom
    67 | Abyss:1  | Noticed a spatial vortex
    79 | Abyss:1  | Noticed a raiju
    82 | Abyss:1  | Noticed a spatial vortex
    83 | Abyss:1  | Noticed a spatial vortex
    83 | D:1      | Escaped the Abyss
   353 | D:1      | Gained mutation: You are partially covered in slimy green scales (AC +2). [demonic ancestry]
   353 | D:1      | Reached XP level 2. HP: 16/24 MP: 3/3
   487 | D:1      | Reached * piety under Lugonu
   659 | D:1      | Reached skill level 1 in Dodging
   666 | D:1      | Gained mutation: You have sharp fingernails. [demonic ancestry]
   666 | D:1      | Reached XP level 3. HP: 18/29 MP: 4/4
  1335 | D:1      | HP: 1/29 [gnoll/flail of holy wrath (3)]
  1337 | D:1      | Slain by a gnoll

Skill      XL: |  1  2 |
---------------+-------+-----
Armour         | 2 |  2.6
Dodging        | 1 |  1.3
Axes           | 2 |  2.0
Fighting       | |  3.4
Stealth        | |  0.4
Invocations    | |  2.5

Action                   || total
-------------------------++-------
Melee: Hand axe          ||   109
Invok: Depart the Abyss  ||     1
  Use: Potion            ||     2
  Eat: Chunk             ||     2
Armor: Ring mail         ||    55
       Leather armour    ||     1
Dodge: Dodged            ||    86
